 Dungeon Crawl Stone Soup version 0.32-a0-290-g598725c5f2 (webtiles) character file.

Game seed: 7650125914003323916

108 Dittersdorf the Shield-Bearer (level 4, -3/29 HPs)
             Began as a Gargoyle Fighter on Feb 13, 2024.
             Slain by Sigmund
             ... wielding a +0 scythe
              (5 damage)
             ... on level 2 of the Dungeon.
             The game lasted 00:01:28 (1380 turns).

Dittersdorf the Shield-Bearer (Gargoyle Fighter)    Turns: 1380, Time: 00:01:29

Health: -3/29      AC: 13    Str: 21    XL:     4   Next: 87%
Magic:  4/4        EV:  8    Int:  9    God:
Gold:   72         SH:  4    Dex:  9    Spells: 3/3 levels left

rFire   . . .        a - +0 flail
rCold   . . .        c - +0 buckler
rNeg    + . .        j - +0 chain mail
rPois   ∞            (no helmet)
rElec   +            (no cloak)
rCorr   .            (no gloves)
SInv    .            (no boots)
Will    .....        l - amulet of faith Stlth
                     (no ring)
HPRegen 0.24/turn    (no ring)
MPRegen 0.09/turn

%: faith
@: no status effects
A: sickness immunity, AC +3, negative energy resistance 1, electricity
resistance, torment resistance 1, petrification resistance
a: no special abilities


You were on level 2 of the Dungeon.
You visited 1 branch of the dungeon, and saw 2 of its levels.

You collected 72 gold pieces.

Inventory:

Hand Weapons
 a - a +0 flail (weapon)
Armour
 c - a +0 buckler (worn)
 j - a +0 chain mail (worn)
Jewellery
 l - an amulet of faith (around neck)
Scrolls
 e - 2 scrolls of identify {unknown}
 g - 2 scrolls of immolation {unknown}
 h - 3 scrolls of noise {unknown}
 m - a scroll of teleportation {unknown}
 n - a scroll of revelation {unknown}
 p - a scroll of acquirement {unknown}
Potions
 b - a potion of curing {unknown}
 d - 2 potions of might
 f - a potion of haste {unknown}
 i - a potion of ambrosia {unknown}
 k - a potion of heal wounds {unknown}
 o - a potion of magic {unknown}


   Skills:
 + Level 4.0 Fighting
 + Level 3.0 Maces & Flails
 + Level 4.0 Armour
 + Level 4.1 Shields


You had 3 spell levels left.
You didn't know any spells.
Your spell library was empty.

Dungeon Overview and Level Annotations

Branches:
Dungeon (2/15)

Altars:

Shops:
D:1 *

Annotations:
D:2 Sigmund


Innate Abilities, Weirdness & Mutations

You are immune to sickness and miasma.
Your stone body is resilient. (AC +3)
You are immune to poison.
You resist negative energy. (rN+)
You are resistant to electric shocks. (rElec)
You are resistant to unholy torment.
You are immune to petrification.


Message History

You are too confused!
You are too confused!
You are too confused!
You are too confused!
You are too confused!
You are too confused!
You are too confused!
You are too confused!
You bump into the rock wall.
Something hits you.
You completely miss something. Something hits you but does no damage.
You bump into the rock wall.
You bump into the rock wall.
You hear some strange, mumbled words.
A magic dart appears from out of thin air!
The magic dart hits you but does no damage.
You completely miss something.
You feel less confused.
You hear some strange, mumbled words.
A magic dart appears from out of thin air!
The magic dart hits you.
You hear some strange, mumbled words.
Something tries to affect you, but you resist.
You closely miss something. Something hits you but does no damage.
You miss something. Something hits you but does no damage.
You miss something. Something hits you.
You miss something. You barely miss something.
Something hits you but does no damage.
You miss something. Something hits you.
You closely miss something. Something hits you.
You miss something. Something hits you!
* * * LOW HITPOINT WARNING * * *
You completely miss something.
You hear some strange, mumbled words.
Something tries to affect you, but you resist.
You miss something.
You hear some strange, mumbled words.
A puff of flame appears from out of thin air!
The puff of flame hits you but does no damage.
You completely miss something. Something hits you.
You die...

..................#
...........#......#
#..........#......#
#..........#......#
##........##......#
..........#.######
.......>.#.#
.....[. #{# .....
#@# ...... #.#
.....# #.# ##...##
#.# .#.#..# #.#
......### #.#
...##...### #.#
..........## #.#
..###...#..#####.#


There were no monsters in sight!

Vanquished Creatures
  A gnoll (D:1)
  2 adders (D:2)
  A dart slug (D:1)
  5 bats
  4 endoplasms (D:1)
  2 giant cockroaches
  5 goblins
  3 hobgoblins
  3 jackals (D:1)
  4 ball pythons (D:1)
  3 frilled lizards (D:1)
  4 kobolds
  8 rats
45 creatures vanquished.

Notes
Turn   | Place    | Note
-------+----------+-------------------------------------------
     0 | D:1      | Dittersdorf the Gargoyle Fighter began the quest for the
                  | Orb.
     0 | D:1      | Reached XP level 1. HP: 14/14 MP: 1/1
   111 | D:1      | Reached XP level 2. HP: 18/19 MP: 2/2
   242 | D:1      | Reached XP level 3. HP: 21/24 MP: 3/3
   318 | D:1      | Found Biczam's Assorted Antiques.
   488 | D:1      | Reached XP level 4. HP: 29/29 MP: 4/4
  1342 | D:2      | Noticed Sigmund
  1377 | D:2      | HP: 1/29 [something (8)]
  1380 | D:2      | Slain by Sigmund

Illustrated notes

Levels and vault maps discovered:
D:1:      scummos_arrival_checkerplants, layout_basic, serial_shops, shop
D:2:      minmay_door_path, layout_rooms, uniq_sigmund

Skill      XL: |  1  2  3  4 |
---------------+-------------+-----
Shields        | 4 |  4.1
Fighting       | 4 |  4.0
Armour         | 4 |  4.0
Maces & Flails | 3 |  3.0

Action                     |  1- 3 |  4- 6 || total
---------------------------+-------+-------++-------
  Melee: Flail             |    85 |    69 ||   154
 Armour: Scale mail        |    63 |       ||    63
         Chain mail        |       |    58 ||    58
  Dodge: Dodged            |    43 |    29 ||    72
  Block: Buckler           |    21 |    16 ||    37

Table legend: (Time is in decaauts)
 A = Elapsed time spent in this place.
 B = Non-inter-level travel time spent in this place.
 C = Inter-level travel time spent in this place.
 D = Time resting spent in this place.
 E = Time spent auto-exploring this place.
 F = Levels seen in this place.
 G = Mean time per level.
                   A        B        C        D        E       F      G
               +--------+--------+--------+--------+--------+-----+--------+
         Total |   1426 |   1387 |     39 |      0 |   1021 |   2 |  713.0 |
       Dungeon |   1426 |   1387 |     39 |      0 |   1021 |   2 |  713.0 |
               +--------+--------+--------+--------+--------+-----+--------+

Top non-repeatable levels by time:
     D:1: 999 daAuts
     D:2: 427 daAuts
